 Dungeon Crawl Stone Soup version 0.21.1-1-g345015f (webtiles) character file.

5127 equalderp2856 the Spear-Bearer (level 10, 0/86 HPs)
             Began as a Minotaur Fighter on May 4, 2018.
             Slain by a manticore (16 damage)
             ... on level 8 of the Dungeon.
             The game lasted 00:09:49 (6379 turns).

equalderp2856 the Spear-Bearer (Minotaur Fighter)   Turns: 6379, Time: 00:09:50

Health: 0/86       AC: 14    Str: 21    XL:     10   Next: 33%
Magic:  9/9        EV:  6    Int:  6    God:
Gold:   439        SH: 12    Dex: 12    Spells: 9/9 levels left

rFire    + . .     SeeInvis .   A - +7 trident of Satyriasis {pierce, rElec}
rCold    + . .     Gourm    .   c - +1 shield
rNeg     . . .     Faith    .   h - +0 plate armour
rPois    .         Spirit   .   r - +0 hat
rElec    +         Reflect  .   F - scarf {rC+ rF+}
rCorr    .         Harm     .   B - +0 pair of gloves of Eternal Vigilance {-Tele rElec Slay+6 Stlth+}
MR       .....     NoTele   +   (no boots)
Stlth    ..........             (no amulet)
HPRegen  0.24/turn              (no ring)
MPRegen  0.11/turn              (no ring)

@: barbed spikes
A: retaliatory headbutt, horns 2
a: no special abilities


You were on level 8 of the Dungeon.
You were near starving.

You visited 1 branch of the dungeon, and saw 8 of its levels.

You collected 439 gold pieces.

Inventory:

Hand Weapons
 a - a +1 war axe
 A - the +7 trident of Satyriasis (weapon) {pierce, rElec}
   (You found it on level 4 of the Dungeon)

   It inflicts extra damage upon your enemies.
   It insulates you from electricity.
Armour
 b - a +0 scale mail
 c - a +1 shield (worn)
 h - a +0 plate armour (worn)
 i - a +0 cloak
 r - a +0 hat (worn)
 v - a +0 pair of gloves
 B - the +0 pair of gloves of Eternal Vigilance (worn) {-Tele rElec Slay+6 Stlth+}
   (You found it on level 5 of the Dungeon)

   It affects your accuracy and damage with ranged weapons and melee attacks
   (+6).
   It insulates you from electricity.
   It prevents most forms of teleportation.
   It makes you more stealthy.
 E - a +0 pair of gloves
 F - a scarf of resistance (worn)
Jewellery
 G - an uncursed ring of positive energy {unknown}
Wands
 p - a wand of random effects (61)
Scrolls
 j - 2 scrolls of magic mapping
 k - a scroll of fog {unknown}
 m - 8 scrolls of identify
 o - 6 scrolls of teleportation
 s - a scroll of enchant armour
 t - 3 scrolls of amnesia
 u - a scroll of enchant weapon
 x - a scroll of random uselessness
 H - a scroll of remove curse
Potions
 d - 5 potions of might
 e - 5 potions of curing
 g - 3 potions of flight {unknown}
 l - 3 potions of mutation {unknown}
 n - 2 potions of lignification {unknown}
 w - 2 potions of heal wounds {unknown}
 z - 2 potions of brilliance {unknown}
 C - 2 potions of agility {unknown}
 D - 2 potions of degeneration {unknown}
Books
 q - a book of Misfortune

   Spells                             Type                      Level
   a - Confusing Touch                Hexes                        1
   b - Confuse                        Hexes                        3
   c - Gell's Gravitas                Translocation                3
   d - Petrify                        Transmutation/Earth          4
   e - Metabolic Englaciation         Hexes/Ice                    5
   f - Yara's Violent Unravelling     Hexes/Transmutation          5
 y - a book of Maledictions

   Spells                             Type                      Level
   a - Corona                         Hexes                        1
   b - Ensorcelled Hibernation        Hexes/Ice                    2
   c - Confuse                        Hexes                        3
   d - Tukima's Dance                 Hexes                        3
   e - Dazzling Spray                 Conjuration/Hexes            3
Comestibles
 f - 8 rations


   Skills:
 + Level 7.5 Fighting
 * Level 9.7(11.6) Axes
 + Level 10.6(12.0) Polearms
 + Level 7.1 Armour
 + Level 2.4 Dodging
 + Level 0.9 Stealth
 + Level 7.3 Shields
 + Level 0.1 Evocations


You had 9 spell levels left.
You didn't know any spells.

Dungeon Overview and Level Annotations

Branches:
Dungeon (8/15)             Temple (0/1) D:7            Lair (0/6) D:8

Altars:
Dithmenos
Fedhas
Vehumet
Wu Jian
Zin
The Shining One

Annotations:
D:8 Gastronok


Innate Abilities, Weirdness & Mutations

You reflexively headbutt those who attack you in melee.
You have a pair of horns on your head.


Message History

* * * LOW HITPOINT WARNING * * *
It was a potion of curing.
You feel better. The manticore bites you!
* * * LOW HITPOINT WARNING * * *
The manticore claws you but does no damage.
You block the manticore's attack.
Unknown command.
You feel better.
The manticore bites you but does no damage.
The manticore claws you but does no damage.
You block the manticore's attack.
You closely miss the manticore.
The manticore is heavily wounded.
You completely miss the manticore. You headbutt the manticore.
The manticore is heavily wounded.
You block the manticore's attack.
The manticore claws you but does no damage. x2
You puncture the manticore!
The manticore is almost dead.
The manticore bites you!
You die...

#.#....# #.......## #####......#
#.#.....#
.H...##.#..#############.#.....#
####..H....................###...
####.#.....##.....###.#.#⌠#.##
#.#...<.##.....###...###.#
#.###....................# #.#
#.>####†.#########..##
#.###..###@#.# ...#
#...w....H###. ... #####..#.## #.
#..##.# #..# #.# ...# #.# ##.##
.# #.. # ###


You could see Gastronok and a manticore.

Vanquished Creatures
  A two-headed ogre (D:8)
  A death yak (D:8)
  An elephant (D:8)
  A wyvern (D:8)
  2 orc warriors
  A sky beast (D:8)
  4 ogres
  3 centaurs
  2 necrophages
  2 crocodiles (D:8)
  4 bullfrogs
  3 scorpions
  4 killer bees (D:7)
  3 howler monkeys (D:7)
  6 crimson imps
  2 hounds
  8 orc wizards
  2 jellies
  2 centaur skeletons (D:7)
  An orc priest (D:7)
  Jessica (D:2)
  Natasha (thrice) (D:2)
  4 iguanas
  5 worker ants
  2 hound skeletons
  A worker ant zombie (D:6)
  Robin (D:2)
  7 adders
  A howler monkey skeleton (D:6)
  3 gnolls (D:5)
  2 oozes
  An adder skeleton (D:5)
  A worm (D:2)
  4 dart slugs
  5 leopard geckos
  27 orcs
  2 giant cockroaches
  12 hobgoblins
  11 jackals
  A quokka (D:6)
  A ball python (D:3)
  10 bats
  3 frilled lizards
  19 goblins
  A jackal skeleton (D:5)
  6 kobolds
  A quokka skeleton (D:4)
  6 rats
194 creatures vanquished.

Notes
Turn   | Place    | Note
-------+----------+-------------------------------------------
     0 | D:1      | equalderp2856 the Minotaur Fighter began the quest for the Orb.
     0 | D:1      | Reached XP level 1. HP: 19/19 MP: 0/0
    80 | D:1      | Reached XP level 2. HP: 27/27 MP: 1/1
   392 | D:1      | Reached XP level 3. HP: 33/33 MP: 2/2
   796 | D:2      | Found a blossoming altar of Fedhas.
   950 | D:2      | Noticed Jessica
   958 | D:2      | Found a radiant altar of Vehumet.
   975 | D:2      | Killed Jessica
   975 | D:2      | Reached XP level 4. HP: 40/40 MP: 3/3
   989 | D:2      | Noticed Natasha
   990 | D:2      | Noticed Robin
   998 | D:2      | Killed Natasha
  1010 | D:2      | Killed Robin
  1010 | D:2      | Reached skill level 5 in Shields
  1080 | D:2      | Noticed Natasha
  1085 | D:2      | Killed Natasha
  1085 | D:2      | Reached XP level 5. HP: 25/46 MP: 4/4
  1778 | D:2      | Noticed Natasha
  1782 | D:2      | Killed Natasha
  1827 | D:3      | Reached skill level 1 in Dodging
  2164 | D:3      | Found a glowing silver altar of Zin.
  2184 | D:3      | Found an ornate altar of the Wu Jian Council.
  2613 | D:4      | Reached skill level 5 in Axes
  2635 | D:4      | Reached XP level 6. HP: 51/53 MP: 5/5
  2900 | D:4      | Got a shimmering trident
  2901 | D:4      | Identified the +7 trident of Satyriasis {pierce, rElec} (You found it on level 4 of the Dungeon)
  3111 | D:4      | Found a glowing golden altar of the Shining One.
  3292 | D:5      | Entered Level 5 of the Dungeon
  3313 | D:5      | Reached skill level 1 in Polearms
  3313 | D:5      | Reached XP level 7. HP: 42/60 MP: 6/6
  3506 | D:5      | Reached skill level 5 in Armour
  3736 | D:5      | Reached skill level 2 in Polearms
  3773 | D:5      | Reached skill level 5 in Fighting
  3790 | D:5      | Reached skill level 3 in Polearms
  3846 | D:5      | Found a shadowy altar of Dithmenos.
  4230 | D:5      | Got a pair of bloodstained gloves
  4241 | D:5      | Identified the +0 pair of gloves of Eternal Vigilance {-Tele rElec Slay+6 Stlth+} (You found it on level 5 of the Dungeon)
  4294 | D:6      | Reached XP level 8. HP: 68/68 MP: 7/7
  4304 | D:6      | Reached skill level 4 in Polearms
  4589 | D:6      | Reached skill level 5 in Polearms
  5083 | D:7      | Reached skill level 6 in Polearms
  5515 | D:7      | Reached skill level 7 in Polearms
  5520 | D:7      | Reached XP level 9. HP: 75/75 MP: 8/8
  5603 | D:7      | Reached skill level 8 in Polearms
  6017 | D:7      | Found a staircase to the Ecumenical Temple.
  6218 | D:8      | Reached skill level 9 in Polearms
  6249 | D:8      | Noticed Gastronok
  6292 | D:8      | Noticed a two-headed ogre
  6301 | D:8      | Killed a two-headed ogre
  6301 | D:8      | Reached skill level 10 in Polearms
  6301 | D:8      | Reached XP level 10. HP: 48/86 MP: 9/9
  6303 | D:8      | Found a staircase to the Lair.
  6303 | D:8      | Noticed a death yak
  6313 | D:8      | Killed a death yak
  6339 | D:8      | Noticed a manticore
  6364 | D:8      | Noticed an elephant
  6372 | D:8      | Killed an elephant
  6374 | D:8      | HP: 4/86 [Gastronok/the air (27)]
  6379 | D:8      | Slain by a manticore

Skill      XL: |  1  2  3  4  5  6  7  8  9 10 |
---------------+-------------------------------+-----
Fighting       | 4 5 7 |  7.5
Armour         | 4 5 6 7 |  7.1
Shields        | 4 5 6 7 |  7.3
Axes           | 3 4 5 6 7 8 9 |  9.7
Dodging        | 1 2 |  2.4
Polearms       | 1 3 7 10 | 10.6
Stealth        | |  0.9
Evocations     | |  0.1

Action                   |  1- 3 |  4- 6 |  7- 9 | 10-12 || total
-------------------------+-------+-------+-------+-------++-------
Melee: War axe           |   100 |   173 |       |       ||   273
       Headbutt          |     6 |    22 |    25 |     4 ||    57
       Trident           |       |    23 |   190 |    19 ||   232
Evoke: Wand              |       |       |       |     2 ||     2
  Use: Scroll            |       |       |     7 |       ||     7
       Potion            |       |       |       |     2 ||     2
  Eat: Chunk             |       |     5 |     8 |       ||    13
       Ration            |       |     1 |       |       ||     1
Armor: Scale mail        |    64 |    63 |    15 |       ||   142
       Plate armour      |       |       |    29 |     6 ||    35
Dodge: Dodged            |    26 |    60 |    30 |     4 ||   120
Block: Shield            |    56 |   115 |    65 |    11 ||   247
